 Dungeon Crawl Stone Soup version 0.19.1 (webtiles) character file.

35 Nihil the Sneak (level 3, -7/16 HPs)
             Began as a Spriggan Enchanter on Dec 5, 2016.
             Killed from afar by Natasha (8 damage)
             ... with a magic dart
             ... on level 2 of the Dungeon.
             The game lasted 00:03:24 (1530 turns).

Nihil the Sneak (Spriggan Enchanter)                Turns: 1530, Time: 00:03:24

Health: -7/16      AC:  3    Str:  4    XL:     3   Next: 17%
Magic:  0/8        EV: 18    Int: 16    God:
Gold:   83         SH:  0    Dex: 17    Spells: 2 memorised, 4 levels left

rFire  . . .     SeeInvis +     k - +1 dagger (venom)
rCold  . . .     Gourm    .     b - +1 robe
rNeg   . . .     Faith    .     (shield restricted)
rPois  .         Spirit   .     (helmet restricted)
rElec  .         Reflect  .     (no cloak)
rCorr  .         Harm     .     (gloves unavailable)
MR     .....                    (boots unavailable)
Stlth  +++.......               (no amulet)
                                (no ring)
                                (no ring)

@: slowed, quick
A: unfitting armour, see invisible, herbivore 3, speed 3, slow metabolism 2
a: no special abilities


You were on level 2 of the Dungeon.
You were not hungry.

You visited 1 branch of the dungeon, and saw 2 of its levels.

You collected 83 gold pieces.

Inventory:

Hand Weapons
 k - a +1 dagger of venom (weapon)
Armour
 b - a +1 robe (worn)
Scrolls
 a - 3 scrolls of enchant armour {unknown}
 e - 2 scrolls of remove curse {unknown}
 f - a scroll of identify
 g - 2 scrolls of fear {unknown}
 h - a scroll of recharging
 i - a scroll of enchant weapon {unknown}
 l - a scroll of immolation {unknown}
Books
 c - a book of Maledictions

   Spells                             Type                      Level
   a - Corona                         Hexes                        1
   b - Ensorcelled Hibernation        Hexes/Ice                    2
   c - Confuse                        Hexes                        3
   d - Tukima's Dance                 Hexes                        3
   e - Dazzling Spray                 Conjuration/Hexes            3
Comestibles
 d - 2 bread rations
 j - 2 slices of pizza


   Skills:
 + Level 0.2 Fighting
 + Level 1.4 Short Blades
 + Level 3.3 Dodging
 + Level 5.2 Stealth
 + Level 2.8 Spellcasting
 + Level 4.2 Hexes


You had 4 spell levels left.
You knew the following spells:

 Your Spells              Type           Power        Failure   Level  Hunger
a - Corona                Hex            ###....      4%          1    #......
b - Ensorcelled Hibernat  Hex/Ice        #.....       14%         2    ##.....


Dungeon Overview and Level Annotations

Branches:
Dungeon (2/15)

Altars:

Annotations:
D:2 Natasha


Innate Abilities, Weirdness & Mutations

You are very small and have problems with some larger weapons.
You are too small for most types of armour.
You have supernaturally acute eyesight. (SInv)
You are a herbivore.
You cover ground extremely quickly.
You need consume almost no food.


Message History

Press: ? - help, Shift-Dir - straight line, f/p - Natasha
Aim: Natasha (chance to defeat MR: 40%) Natasha resists with some effort.
Casting: Ensorcelled Hibernation
Confirm with . or Enter, or press ? or * to list all spells.
Aiming: Ensorcelled Hibernation
Press: ? - help, Shift-Dir - straight line, f/p - Natasha
Aim: Natasha (chance to defeat MR: 40%) Natasha resists with some effort.
Natasha casts a spell at you. The magic dart hits you!
Ouch! That really hurt!
The shadow imp barely misses you.
Natasha stares at you and mumbles some strange words.
The magic dart hits you!
* * * LOW HITPOINT WARNING * * *
Natasha stares at you and mumbles some strange words.
The magic dart hits you!
Ouch! That really hurt!
You die...

#.....###..............##
###........................
.......................รท...
.............###....#....).
.............###...........
.............#............. ...
.......h5....#............#
....#########......#............#
...........##...@..#.....##.....#
>...............................#
................................
.##........##.#........#####....#
.#.........##.#........#####....#
...........#.......#...#.........
...........#.......#...#.........
...........#.......#...#.........
.....#.#####.......#...#.........


You could see Natasha and a shadow imp.

Vanquished Creatures
  An adder (D:2)
  A worm (D:2)
  2 giant cockroaches
  8 goblins
  A hobgoblin (D:2)
  2 bats
  2 frilled lizards
  3 kobolds
  A rat (D:2)
21 creatures vanquished.

Notes
Turn   | Place    | Note
-------+----------+-------------------------------------------
     0 | D:1      | Nihil the Spriggan Enchanter began the quest for the Orb.
     0 | D:1      | Reached XP level 1. HP: 9/9 MP: 5/5
   859 | D:2      | Reached XP level 2. HP: 13/13 MP: 6/6
  1141 | D:1      | Learned a level 2 spell: Ensorcelled Hibernation
  1165 | D:2      | Reached skill level 5 in Stealth
  1214 | D:2      | Reached XP level 3. HP: 16/16 MP: 4/8
  1521 | D:2      | Noticed Natasha
  1530 | D:2      | Killed from afar by Natasha

Skill      XL: |  1  2 |
---------------+-------+-----
Hexes          | 4 |  4.2
Stealth        | 5 |  5.2
Fighting       | |  0.2
Short Blades   | |  1.4
Dodging        | |  3.3
Spellcasting   | |  2.8

Action                   || total
-------------------------++-------
Melee: Dagger            ||    76
 Cast: Ensorcelled Hiber ||     6
  Use: Scroll            ||     4
 Stab: Sleeping          ||     5
Armor: Robe              ||    10
Dodge: Dodged            ||    60
